General information
- name: BNet
- type: Ladder team game (AT/RT)
- host: Battle.net
- saver: DanielCormier
map: TwilightRuins_LV
- players: 8
- length: 19:54
- speed: Fast
- version: 1.30 W3XP
- replay type: Public
» download(235 KB)
Players
team 1 (loser)
KrabbyPatty (
yellow | 65 APM | 1081 actions | 16:36)
4 Archmage
2 Summon Water Elemental
2 Brilliance Aura
» actions
| Assign group hotkey | 21 | |
| Basic commands | 27 | |
| Build / train | 64 | |
| ESC pressed | 2 | |
| Enter build submenu | 27 | |
| Enter hero's abilities submenu | 4 | |
| Give item / drop item | 3 | |
| Remove unit from queue | 2 | |
| Right click | 476 | |
| Select / deselect | 303 | |
| Select group hotkey | 64 | |
| Use ability | 88 | |
1081 total
» units
| Peasant | 14 | |
| Rifleman | 14 | |
| Goblin Shredder | 1 | |
| Mortar Team | 2 | |
| Priest | 7 | |
38 total
» upgrades
| Gunpowder | 2 | |
| Armor | 1 | |
| Long Rifles | 1 | |
| Priest Training | 1 | |
5 total
» buildings
| Altar of Kings | 1 | |
| Farm | 9 | |
| Barracks | 1 | |
| Blacksmith | 1 | |
| Lumber Mill | 1 | |
| Town Hall | 2 | |
| Arcane Vault | 1 | |
| Keep | 2 | |
| Scout Tower | 12 | |
| Guard Tower | 2 | |
| Castle | 2 | |
| Arcane Sanctum | 1 | |
| Workshop | 4 | |
39 total
» build order
00:10 Altar of Kings
00:19 Farm
01:20 Barracks
01:24 Blacksmith
01:30 Farm
02:30 Farm
02:45 Farm
03:06 Farm
03:50 Lumber Mill
05:04 Town Hall
05:17 Arcane Vault
05:39 Keep
05:39 Keep
06:01 Farm
06:23 Farm
06:24 Farm
06:24 Farm
06:44 Scout Tower
06:44 Scout Tower
06:47 Scout Tower
06:48 Scout Tower
06:48 Scout Tower
07:15 Scout Tower
07:19 Scout Tower
08:02 Guard Tower
08:02 Guard Tower
08:49 Castle
08:50 Castle
08:55 Scout Tower
08:57 Scout Tower
08:58 Scout Tower
08:59 Scout Tower
09:00 Scout Tower
09:33 Arcane Sanctum
09:36 Workshop
09:38 Workshop
12:34 Town Hall
14:54 Workshop
14:57 Workshop
» items
olympicman (
green | 49 APM | 972 actions | 19:53)
3 Blademaster
2 Wind Walk
1 Critical Strike
3 Tauren Chieftain
2 War Stomp
1 Endurance Aura
3 Shadow Hunter
2 Healing Wave
1 Hex
» actions
| Assign group hotkey | 8 | |
| Build / train | 51 | |
| Enter build submenu | 17 | |
| Enter hero's abilities submenu | 9 | |
| Give item / drop item | 5 | |
| Right click | 374 | |
| Select / deselect | 207 | |
| Select group hotkey | 227 | |
| Use ability | 74 | |
972 total
» units
» upgrades
| Shaman Training | 2 | |
| Pulverize | 1 | |
| Melee Weapons | 1 | |
| Armor | 1 | |
5 total
» buildings
| Stronghold | 1 | |
| Orc Burrow | 6 | |
| Altar of Storms | 1 | |
| Voodoo Lounge | 3 | |
| Fortress | 1 | |
| Tauren Totem | 2 | |
| War Mill | 1 | |
| Spirit Lodge | 2 | |
| Great Hall | 1 | |
18 total
» build order
01:18 Stronghold
01:23 Orc Burrow
01:39 Altar of Storms
02:07 Voodoo Lounge
03:00 Orc Burrow
03:46 Fortress
04:01 Voodoo Lounge
04:34 Voodoo Lounge
06:49 Tauren Totem
07:05 Tauren Totem
08:20 War Mill
08:54 Orc Burrow
08:56 Orc Burrow
09:11 Spirit Lodge
09:16 Spirit Lodge
13:34 Orc Burrow
13:37 Orc Burrow
19:17 Great Hall
» items
| Healing Salve | 2 | |
| Orb of Lightning | 3 | |
| Boots of Speed | 1 | |
| Potion of Greater Healing | 1 | |
| Lesser Clarity Potion | 1 | |
| Scroll of Town Portal | 3 | |
11 total

»
BigSlick-AK (
red | 43 APM | 858 actions | 19:50)
4 Tauren Chieftain
1 War Stomp
2 Endurance Aura
1 Shockwave
3 Shadow Hunter
1 Hex
2 Healing Wave
2 Far Seer
1 Chain Lighting
1 Feral Spirit
» actions
| Assign group hotkey | 5 | |
| Basic commands | 31 | |
| Build / train | 83 | |
| Enter build submenu | 28 | |
| Enter hero's abilities submenu | 9 | |
| Give item / drop item | 3 | |
| Right click | 198 | |
| Select / deselect | 208 | |
| Select group hotkey | 211 | |
| Use ability | 82 | |
858 total
» units
| Peon | 11 | |
| Grunt | 6 | |
| Goblin Shredder | 1 | |
| Troll Headhunter/Berserker | 20 | |
| Troll Witch Doctor | 6 | |
| Mortar Team | 2 | |
46 total
» upgrades
| Armor | 2 | |
| Troll Regeneration | 1 | |
| Reinforced Defenses | 1 | |
| Ranged Weapons | 3 | |
| Witch Doctor Training | 2 | |
| Berserker Upgrade | 1 | |
10 total
» buildings
| Orc Burrow | 8 | |
| Altar of Storms | 1 | |
| Barracks | 1 | |
| Voodoo Lounge | 1 | |
| War Mill | 1 | |
| Great Hall | 1 | |
| Watch Tower | 12 | |
| Stronghold | 1 | |
| Fortress | 1 | |
| Spirit Lodge | 1 | |
28 total
» build order
00:16 Orc Burrow
00:51 Altar of Storms
00:58 Barracks
01:16 Voodoo Lounge
01:34 Orc Burrow
02:13 Orc Burrow
04:04 War Mill
04:40 Orc Burrow
06:09 Great Hall
06:13 Watch Tower
06:19 Watch Tower
06:51 Stronghold
06:55 Watch Tower
07:04 Watch Tower
07:18 Watch Tower
08:07 Watch Tower
08:24 Watch Tower
08:37 Watch Tower
08:40 Watch Tower
08:58 Watch Tower
09:57 Watch Tower
10:05 Fortress
10:09 Spirit Lodge
11:10 Watch Tower
12:04 Orc Burrow
12:47 Orc Burrow
13:11 Orc Burrow
13:26 Orc Burrow
» items
| Healing Salve | 4 | |
| Lesser Clarity Potion | 4 | |
| Scroll of Town Portal | 4 | |
| Orb of Lightning | 1 | |
13 total

»
ADyingSwan (
blue | 71 APM | 1419 actions | 19:53)
4 Archmage
2 Summon Water Elemental
2 Brilliance Aura
2 Blood Mage
1 Flame Strike
1 Banish
1 Mountain King
1 Thunder Clap
» actions
| Assign group hotkey | 17 | |
| Basic commands | 255 | |
| Build / train | 68 | |
| ESC pressed | 6 | |
| Enter build submenu | 28 | |
| Enter hero's abilities submenu | 7 | |
| Give item / drop item | 3 | |
| Remove unit from queue | 1 | |
| Right click | 411 | |
| Select / deselect | 371 | |
| Select group hotkey | 110 | |
| Use ability | 142 | |
1419 total
» units
| Peasant | 15 | |
| Sorceress | 6 | |
| Spell Breaker | 6 | |
27 total
» upgrades
| Lumber Harvesting | 1 | |
| Sorceress Training | 2 | |
| Control Magic | 1 | |
| Plating | 2 | |
| Swords | 2 | |
8 total
» buildings
| Altar of Kings | 1 | |
| Farm | 9 | |
| Barracks | 1 | |
| Lumber Mill | 1 | |
| Arcane Vault | 1 | |
| Keep | 2 | |
| Scout Tower | 2 | |
| Arcane Sanctum | 2 | |
| Guard Tower | 2 | |
| Town Hall | 2 | |
| Castle | 3 | |
| Blacksmith | 2 | |
28 total
» build order
00:04 Altar of Kings
00:10 Farm
00:30 Barracks
00:38 Lumber Mill
01:08 Farm
01:43 Arcane Vault
02:51 Keep
02:52 Keep
04:53 Scout Tower
04:53 Scout Tower
04:55 Farm
04:56 Farm
05:28 Arcane Sanctum
05:35 Guard Tower
06:05 Farm
06:09 Farm
07:22 Arcane Sanctum
07:31 Guard Tower
07:34 Farm
09:03 Town Hall
09:08 Castle
09:08 Castle
09:08 Castle
12:37 Blacksmith
14:05 Farm
14:33 Blacksmith
15:31 Farm
17:35 Town Hall
» items
| Lesser Clarity Potion | 7 | |
| Scroll of Regeneration | 3 | |
| Mechanical Critter | 2 | |
| Ivory Tower | 1 | |
| Staff of Sanctuary | 2 | |
15 total
team 2 (winner)
DanielCormier (
orange | 158 APM | 3139 actions | 19:54)
6 Tauren Chieftain
3 War Stomp
2 Endurance Aura
1 Reincarnation
4 Shadow Hunter
2 Hex
2 Healing Wave
» actions
| Assign group hotkey | 27 | |
| Basic commands | 278 | |
| Build / train | 69 | |
| ESC pressed | 6 | |
| Enter build submenu | 13 | |
| Enter hero's abilities submenu | 10 | |
| Give item / drop item | 5 | |
| Right click | 1323 | |
| Select / deselect | 616 | |
| Select group hotkey | 673 | |
| Use ability | 118 | |
3139 total
» units
| Peon | 14 | |
| Troll Headhunter/Berserker | 11 | |
| Wind Rider | 9 | |
34 total
» upgrades
| Troll Regeneration | 1 | |
| Ranged Weapons | 3 | |
| Berserker Upgrade | 1 | |
| Armor | 1 | |
| Envenomed Spears | 1 | |
7 total
» buildings
| Altar of Storms | 1 | |
| War Mill | 1 | |
| Barracks | 1 | |
| Orc Burrow | 4 | |
| Voodoo Lounge | 1 | |
| Stronghold | 1 | |
| Great Hall | 1 | |
| Fortress | 1 | |
| Tauren Totem | 1 | |
| Beastiary | 2 | |
14 total
» build order
00:03 Altar of Storms
00:05 War Mill
00:26 Barracks
01:06 Orc Burrow
02:05 Orc Burrow
02:18 Voodoo Lounge
03:48 Stronghold
05:27 Great Hall
05:33 Orc Burrow
07:22 Fortress
09:24 Tauren Totem
12:15 Beastiary
12:17 Beastiary
13:25 Orc Burrow
» items
| Healing Salve | 4 | |
| Lesser Clarity Potion | 2 | |
| Boots of Speed | 1 | |
| Potion of Healing | 2 | |
| Scroll of Town Portal | 2 | |
| Potion of Mana | 1 | |
| Orb of Lightning | 1 | |
13 total

»
otsegolectric (
teal | 53 APM | 1050 actions | 19:54)
4 Dreadlord
2 Carrion Swarm
2 Sleep
2 Death Knight
1 Death Coil
1 Death Pact
3 Lich
2 Frost Nova
1 Frost Armor
» actions
| Assign group hotkey | 6 | |
| Basic commands | 70 | |
| Build / train | 86 | |
| Enter build submenu | 18 | |
| Enter hero's abilities submenu | 9 | |
| Give item / drop item | 5 | |
| Right click | 399 | |
| Select / deselect | 288 | |
| Select group hotkey | 92 | |
| Use ability | 77 | |
1050 total
» units
| Acolyte | 7 | |
| Ghoul | 9 | |
| Goblin Shredder | 1 | |
| Necromancer | 9 | |
| Obsidian Statue | 2 | |
| Abomination | 6 | |
| Gargoyle | 11 | |
45 total
» upgrades
| Unholy Armor | 3 | |
| Skeletal Mastery | 1 | |
| Unholy Strength | 1 | |
| Disease Cloud | 1 | |
| Necromancer Training | 2 | |
| Ghoul Frenzy | 1 | |
| Destroyer Form | 1 | |
| Creature Carapace | 2 | |
| Creature Attack | 2 | |
14 total
» buildings
| Crypt | 1 | |
| Altar of Darkness | 1 | |
| Ziggurat | 7 | |
| Tomb of Relics | 1 | |
| Halls of the Dead | 1 | |
| Necropolis | 1 | |
| Graveyard | 1 | |
| Black Citadel | 1 | |
| Temple of the Damned | 1 | |
| Slaughterhouse | 1 | |
| Spirit Tower | 2 | |
| Sacrificial Pit | 1 | |
19 total
» build order
00:17 Crypt
00:21 Altar of Darkness
00:34 Ziggurat
00:52 Ziggurat
01:30 Tomb of Relics
04:16 Ziggurat
04:41 Halls of the Dead
05:14 Necropolis
05:19 Ziggurat
05:39 Graveyard
05:42 Ziggurat
07:30 Black Citadel
08:13 Temple of the Damned
08:36 Slaughterhouse
08:54 Spirit Tower
08:55 Spirit Tower
08:58 Ziggurat
09:40 Ziggurat
14:40 Sacrificial Pit
» items
| Rod of Necromancy | 2 | |
| Sacrificial Skull | 1 | |
| Orb of Corruption | 2 | |
| Potion of Healing | 2 | |
| Scroll of Healing | 1 | |
| Scroll of Town Portal | 2 | |
| Potion of Mana | 1 | |
11 total

»
Willy-J (
pink | 119 APM | 2369 actions | 19:54)
5 Far Seer
3 Feral Spirit
2 Chain Lighting
3 Shadow Hunter
2 Healing Wave
1 Hex
» actions
| Assign group hotkey | 285 | |
| Basic commands | 62 | |
| Build / train | 65 | |
| Enter build submenu | 25 | |
| Enter hero's abilities submenu | 8 | |
| Remove unit from queue | 2 | |
| Right click | 777 | |
| Select / deselect | 294 | |
| Select group hotkey | 756 | |
| Use ability | 95 | |
2369 total
» units
| Peon | 9 | |
| Grunt | 5 | |
| Demolisher | 1 | |
| Makrura Deepseer | 1 | |
| Raider | 4 | |
| Kodo Beast | 2 | |
| Troll Witch Doctor | 5 | |
| Goblin Shredder | 1 | |
| Shaman | 2 | |
30 total
» upgrades
| Armor | 1 | |
| Reinforced Defenses | 1 | |
| Witch Doctor Training | 2 | |
| Ensnare | 1 | |
| Melee Weapons | 1 | |
| Pillage | 1 | |
| War Drums Damage Increase | 1 | |
| Shaman Training | 2 | |
10 total
» buildings
| Altar of Storms | 1 | |
| Orc Burrow | 7 | |
| Barracks | 1 | |
| Voodoo Lounge | 1 | |
| Stronghold | 1 | |
| War Mill | 1 | |
| Watch Tower | 4 | |
| Beastiary | 2 | |
| Spirit Lodge | 2 | |
| Great Hall | 1 | |
| Fortress | 1 | |
| Tauren Totem | 1 | |
23 total
» build order
00:05 Altar of Storms
00:10 Orc Burrow
00:38 Barracks
01:31 Voodoo Lounge
02:04 Orc Burrow
03:27 Stronghold
04:09 War Mill
05:31 Orc Burrow
05:33 Orc Burrow
05:35 Watch Tower
06:35 Beastiary
06:39 Beastiary
06:43 Spirit Lodge
06:51 Watch Tower
07:57 Orc Burrow
08:15 Great Hall
10:13 Watch Tower
10:14 Watch Tower
10:33 Orc Burrow
12:45 Fortress
12:52 Orc Burrow
16:05 Spirit Lodge
19:13 Tauren Totem
» items
| Healing Salve | 3 | |
| Lesser Clarity Potion | 4 | |
| Scroll of Town Portal | 2 | |
| Potion of Mana | 1 | |
| Orb of Lightning | 1 | |
11 total

»
Tonha0 (
purple | 52 APM | 1041 actions | 19:54)
5 Mountain King
3 Storm Bolt
2 Bash
5 Paladin
2 Holy Light
3 Devotion Aura
» actions
| Assign group hotkey | 22 | |
| Basic commands | 147 | |
| Build / train | 80 | |
| Enter build submenu | 12 | |
| Enter hero's abilities submenu | 10 | |
| Give item / drop item | 7 | |
| Right click | 279 | |
| Select / deselect | 172 | |
| Select group hotkey | 237 | |
| Use ability | 75 | |
1041 total
» units
| Peasant | 15 | |
| Footman | 5 | |
| Knight | 5 | |
| Flying Machine | 12 | |
37 total
» upgrades
| Defend | 1 | |
| Lumber Harvesting | 2 | |
| Plating | 3 | |
| Swords | 3 | |
| Gunpowder | 1 | |
| Animal War Training | 1 | |
| Flying Machine Bombs | 1 | |
| Flak Cannons | 1 | |
| Masonry | 1 | |
| Fragmentation Shards | 1 | |
15 total
» buildings
| Lumber Mill | 1 | |
| Farm | 13 | |
| Altar of Kings | 1 | |
| Barracks | 2 | |
| Arcane Vault | 1 | |
| Town Hall | 1 | |
| Keep | 1 | |
| Blacksmith | 1 | |
| Castle | 2 | |
| Workshop | 3 | |
26 total
» build order
00:21 Lumber Mill
00:39 Farm
00:40 Farm
00:52 Altar of Kings
01:07 Barracks
01:39 Farm
02:07 Arcane Vault
04:43 Town Hall
04:48 Keep
05:14 Barracks
05:17 Blacksmith
05:57 Farm
05:58 Farm
05:59 Farm
06:01 Farm
06:01 Farm
06:03 Farm
06:04 Farm
06:05 Farm
08:27 Castle
08:27 Castle
09:43 Workshop
09:44 Workshop
09:45 Workshop
11:02 Farm
11:04 Farm
» items
| Scroll of Regeneration | 3 | |
| Lesser Clarity Potion | 3 | |
| Potion of Mana | 3 | |
| Potion of Healing | 2 | |
| Potion of Invulnerability | 1 | |
12 total
Chat log
(03:14 / Allies) DanielCormier: something about DL ghouls
(03:17 / Allies) DanielCormier: that never dies
(03:35 / Allies) DanielCormier: classico
(03:52 / Allies) Willy-J: hell ya
(09:10 / Allies) otsegolectric: again?
(10:53 / Allies) otsegolectric: ?
(14:28 / Allies) otsegolectric: we sit alot
(16:14 / Allies) Willy-J: counter